 Dungeon Crawl Stone Soup version 0.29.1-2-gbd0b4ee654 (webtiles) character file.

Game seed: 15944154857418745380

28 xian the Stinger (level 2, 0/21 HPs)
             Began as a Demonspawn Wanderer on Nov 27, 2022.
             Slain by a goblin
             ... wielding a +0 club
             ... led by Robin
              (1 damage)
             ... on level 2 of the Dungeon.
             The game lasted 00:04:42 (1771 turns).

xian the Stinger (Demonspawn Wanderer)              Turns: 1771, Time: 00:04:44

Health: 0/21       AC:  4    Str: 12    XL:     2   Next: 96%
Magic:  4/4        EV: 11    Int: 14    God:
Gold:   42         SH:  0    Dex: 11    Spells: 1/4 levels left

rFire   . . .      SeeInvis .   f - +0 dagger
rCold   . . .      Faith    .   (no shield)
rNeg    . . .      Spirit   .   o - +0 leather armour
rPois   .          Reflect  .   (no helmet)
rElec   .          Harm     .   (no cloak)
rCorr   .          Rampage  .   (no gloves)
Will    .....                   d - +0 pair of boots
Stlth   ++........              (no amulet)
HPRegen 0.07/turn               (no ring)
MPRegen 0.09/turn               (no ring)

@: no status effects
A: foul stench 1
a: no special abilities


You were on level 2 of the Dungeon.
You visited 1 branch of the dungeon, and saw 2 of its levels.

You collected 42 gold pieces.

Inventory:

Hand Weapons
 f - a +0 dagger (weapon)
Missiles
 g - a throwing net
 k - 4 boomerangs
 l - 5 poisoned darts
Armour
 d - a +0 pair of boots (worn)
 o - a +0 leather armour (worn)
Scrolls
 b - a scroll of blinking
 c - a scroll of poison {unknown}
 e - a scroll of identify {unknown}
 h - a scroll of fear {unknown}
 i - a scroll of amnesia {unknown}
 m - a scroll of teleportation {unknown}
Potions
 a - a potion of mutation {unknown}
 j - a potion of brilliance {unknown}
 n - a potion of ambrosia


   Skills:
 + Level 1.0 Fighting
 + Level 0.1 Short Blades
 + Level 0.1 Armour
 + Level 0.1 Dodging
 + Level 2.8 Stealth
 + Level 1.5 Spellcasting
 + Level 0.6 Transmutations
 + Level 1.0 Ice Magic
 + Level 4.4 Poison Magic


You had one spell level left.
You knew the following spells:

 Your Spells              Type           Power      Damage    Failure   Level
a - Sting                 Tmut/Pois      32%        1d4       11%         1
b - Poisonous Vapours     Pois/Air       14%        N/A       19%         2

Your spell library contained the following spells:

 Spells                   Type           Power      Damage    Failure   Level
 Freeze                   Ice            12%        1d4       22%         1
 Mephitic Cloud           Conj/Pois/Air  5%         N/A       45%         3
 Ozocubu's Armour         Ice            3%         N/A       54%         3
 Call Canine Familiar     Summ           1%         N/A       67%         3
 Portal Projectile        Hex/Tloc       2%         N/A       67%         3
 Leda's Liquefaction      Hex/Erth       0%         N/A       97%         4


Dungeon Overview and Level Annotations

Branches:
Dungeon (2/15)

Altars:
Hepliaklqana

Annotations:
D:2 Robin


Innate Abilities, Weirdness & Mutations

You may rarely emit foul miasma when damaged in melee.


Message History

The goblin no longer looks unusually strong.
Robin throws the goblin at you!
Items here: )))) ††††.
Unknown command.
The hobgoblin attacks as you move away! The hobgoblin barely misses you.
The goblin attacks as you move away! The goblin closely misses you.
The hobgoblin no longer looks unusually strong.
The hobgoblin attacks as you move away! The hobgoblin closely misses you.
The hobgoblin no longer looks unusually strong.
The goblin barely misses you.
Robin roars a battlecry!
The goblins go into a battle-frenzy!
The hobgoblin attacks as you move away! The hobgoblin hits you.
You hit the hobgoblin but do no damage.
The hobgoblin is severely wounded.
The hobgoblin closely misses you.
You hit the hobgoblin but do no damage.
The hobgoblin is severely wounded.
The hobgoblin completely misses you. The goblin hits you with a +0 club.
You hit the hobgoblin but do no damage.
The hobgoblin is severely wounded.
The hobgoblin barely misses you. The goblin hits you but does no damage.
Unknown command.
You hit the hobgoblin but do no damage.
The hobgoblin is severely wounded.
The hobgoblin hits you. The goblin barely misses you.
You hit the hobgoblin.
You kill the hobgoblin!
The goblin no longer looks unusually strong.
The goblin hits you with a +0 club.
* * * LOW HITPOINT WARNING * * *
Robin roars a battlecry!
The goblin goes into a battle-frenzy!
You hit the goblin.
The goblin is severely wounded.
The goblin no longer looks unusually strong.
The goblin hits you but does no damage. Robin throws the goblin at you!
* * * LOW HITPOINT WARNING * * *
The goblin hits you with a +0 club.
You die...

#.. .... ........ #..
... .......# ###..###.#
#...... .....##.###
#..#..# # #.#......#
#..#..# #.
#...##.#.###..#..#
#.###.............#..#
...#..)##.....÷g)...#
####.#...##.#.##@.###.#
...........#.)#gg...# #
..........###.#g###.#.#
####.#...## ##..# ...##
..........# #..g###....#
........##.#.##........#
####.<### #.# ##)###...#
#......### #g# #
##.###.# #.#


You could see Robin and 4 goblins.

Vanquished Creatures
  A dart slug (D:2)
  A ball python (D:1)
  2 bats (D:1)
  2 endoplasms
  A giant cockroach (D:1)
  4 hobgoblins
  A kobold (D:2)
  3 frilled lizards (D:1)
  6 goblins
  3 rats (D:1)
24 creatures vanquished.

Notes
Turn   | Place    | Note
-------+----------+-------------------------------------------
     0 | D:1      | xian the Demonspawn Wanderer began the quest for the Orb.
     0 | D:1      | xian set off with the following items: a +0 club, a scroll
                  | of blinking, a +0 robe, a +0 pair of boots; and the
                  | following spells available to memorise: Sting, Freeze,
                  | Poisonous Vapours, Mephitic Cloud, Ozocubu's Armour.
     0 | D:1      | Reached XP level 1. HP: 15/15 MP: 2/2
     2 | D:1      | Learned a level 1 spell: Sting
   945 | D:1      | Gained mutation: You may rarely emit foul miasma when
                  | damaged in melee. [demonic ancestry]
   945 | D:1      | Reached XP level 2. HP: 21/21 MP: 0/3
  1033 | D:1      | Learned a level 2 spell: Poisonous Vapours
  1206 | D:1      | Found a faded altar of an unknown god.
  1457 | D:2      | Found a hazy altar of Hepliaklqana.
  1738 | D:2      | Noticed Robin
  1771 | D:2      | HP: 1/21 [Robin/goblin (1)]
  1771 | D:2      | Slain by a goblin

Illustrated notes

Levels and vault maps discovered:
D:1:      dpeg_chamrin_arrival_tetris, layout_loops_ring,
          hellmonk_ecumenical_altar_pennies_from_heaven, st_stairs_14,
          minivault_4, skrybe_limestone_x
D:2:      layout_loops_ring, basic_altar, uniq_robin

Action                   || total
-------------------------++-------
Melee: Dagger            ||    67
       Punch             ||     1
 Cast: Sting             ||    27
       Poisonous Vapours ||     1
  Use: Potion            ||     1
Armor: Robe              ||     6
       Leather armour    ||    13
Dodge: Dodged            ||    57
